 Dungeon Crawl Stone Soup version 0.21.1-1-g345015f (webtiles) character file.

51 tidbits the Charmwright (level 3, 26/31 HPs)
             Began as a Gnoll Skald on June 22, 2018.
             Quit the game on level 2 of the Dungeon.
             The game lasted 00:03:50 (286 turns).

tidbits the Charmwright (Gnoll Skald)                Turns: 286, Time: 00:03:50

Health: 26/31      AC:  3    Str: 13    XL:     3   Next: 81%
Magic:  9/9        EV: 14    Int: 16    God:
Gold:   27         SH:  0    Dex: 14    Spells: 1/12 levels left

rFire    . . .     SeeInvis .   a - +0 hand axe
rCold    . . .     Gourm    .   (no shield)
rNeg     . . .     Faith    .   b - +0 leather armour
rPois    .         Spirit   .   (no helmet)
rElec    .         Reflect  .   (no cloak)
rCorr    .         Harm     .   (no gloves)
MR       .....                  (no boots)
Stlth    +.........             (no amulet)
HPRegen  0.10/turn              (no ring)
MPRegen  0.11/turn              (no ring)

@: no status effects
A: distributed training, fangs 1, strong nose
a: no special abilities


You were on level 2 of the Dungeon.
You were not hungry.

You visited 1 branch of the dungeon, and saw 3 of its levels.

You collected 27 gold pieces.

Inventory:

Hand Weapons
 a - a +0 hand axe (weapon)
 g - a +0 club
Armour
 b - a +0 leather armour (worn)
 h - a +0 shield
Scrolls
 e - 2 scrolls of identify {unknown}
Books
 c - a book of Battle

   Spells                             Type                      Level
   a - Infusion                       Charms                       1
   b - Shroud of Golubria             Charms/Translocation         2
   c - Song of Slaying                Charms                       2
   d - Spectral Weapon                Hexes/Charms                 3
   e - Regeneration                   Charms/Necromancy            3
 f - a book of Minor Magic
   (You found it on level 2 of the Dungeon)

   Spells                             Type                      Level
   a - Magic Dart                     Conjuration                  1
   b - Blink                          Translocation                2
   c - Call Imp                       Summoning                    2
   d - Slow                           Hexes                        2
   e - Conjure Flame                  Conjuration/Fire             3
   f - Mephitic Cloud                 Conjuration/Poison/Air       3
Comestibles
 d - a ration


   Skills:
 + Level 4.5 Fighting
 + Level 0.9 Short Blades
 + Level 0.9 Long Blades
 + Level 4.5 Axes
 + Level 0.9 Maces & Flails
 + Level 0.9 Polearms
 + Level 0.9 Staves
 + Level 0.9 Slings
 + Level 0.9 Bows
 + Level 0.9 Crossbows
 + Level 0.9 Throwing
 + Level 2.6 Armour
 + Level 4.5 Dodging
 + Level 0.9 Stealth
 + Level 0.9 Shields
 + Level 0.9 Unarmed Combat
 + Level 5.0 Spellcasting
 + Level 0.6 Conjurations
 + Level 0.6 Hexes
 + Level 5.4 Charms
 + Level 0.6 Summonings
 + Level 0.6 Necromancy
 + Level 0.6 Translocations
 + Level 0.6 Transmutations
 + Level 0.6 Fire Magic
 + Level 0.6 Ice Magic
 + Level 0.6 Air Magic
 + Level 0.6 Earth Magic
 + Level 0.6 Poison Magic
 + Level 1.0 Invocations
 + Level 0.9 Evocations


You had one spell level left.
You knew the following spells:

 Your Spells              Type           Power        Failure   Level  Hunger
g - Shroud of Golubria    Chrm/Tloc      ##........   9%          2    #......
i - Infusion              Chrm           ###.         1%          1    None
r - Regeneration          Chrm/Necr      ##........   17%         3    ###....
w - Spectral Weapon       Hex/Chrm       ##......     17%         3    ###....
y - Song of Slaying       Chrm           ###.....     3%          2    #......


Dungeon Overview and Level Annotations

Branches:
Dungeon (3/15)

Altars:


Innate Abilities, Weirdness & Mutations

Your experience applies equally to all skills.
You have very sharp teeth.
Your uncanny sense of smell can sniff out nearby items.


Message History

Things that are here:
a club; a gnoll corpse A kobold comes into view.
You open the door.
The kobold shouts!
You hear an angry hiss.
The kobold throws a stone.
The stone hits you but does no damage.
The kobold throws a stone.
The stone hits you but does no damage.
You see here a stone.
The kobold hits you.
You hit the kobold.
You kill the kobold!
A frilled lizard comes into view.
Unknown command.
The frilled lizard bites you but does no damage.
Unknown command.
You hit the frilled lizard but do no damage.
The frilled lizard misses you.
You slash the frilled lizard!
You kill the frilled lizard!
A bat comes into view.
A rat comes into view.
Found 26 arrows.
Unknown command.
Unknown command.
The bat closely misses you.
You closely miss the bat. The bat misses you. The bat barely misses you.
The bat closely misses you. The bat misses you. The bat misses you.
The bat hits you but does no damage. The bat closely misses you.
The bat misses you. The bat barely misses you.
The bat hits you but does no damage. x2
You barely miss the bat. Your bite misses the bat. The bat misses you.
The bat barely misses you.
You hit the bat. Your bite misses the bat.
The bat is severely wounded.
The bat closely misses you.
You hit the bat but do no damage. You bite the bat, but do no damage.
The bat is severely wounded.
The bat barely misses you.
You hit the bat.
You kill the bat!
You slash the rat!
You kill the rat!
Your Invocations skill increases to level 1!
There is an open door here.
A quokka comes into view.
You closely miss the quokka. The quokka barely misses you. x2
You closely miss the quokka. The quokka barely misses you.
You miss the quokka. Your bite misses the quokka. The quokka misses you.
You hit the quokka.
The quokka is heavily wounded.
The quokka bites you. x2
You closely miss the quokka.
The quokka is heavily wounded.
The quokka closely misses you.
You hit the quokka.
You kill the quokka!
You see here a quokka corpse.
A rat comes into view.
An adder comes into view.
You slash the rat!
You kill the rat!
You already know all available spells.
Unknown command.
Casting: Regeneration
Confirm with . or Enter, or press ? or * to list all spells.
You draw out your weapon's spirit!
The adder bites you.
You hit the adder.
The adder is moderately wounded.
Your spectral weapon barely misses the adder.
The adder bites you.
You slash the adder!
You kill the adder!
You open the door.
There is an open door here.
Unknown command.
Your spectral weapon fades away.
You open the door.
Found a leatherbound book.
Found a stone staircase leading up.
Found a shield.
There is an open door here.
You see here a book of Minor Magic.
f - a book of Minor Magic
Okay, then.
There is a stone staircase leading up here.
You climb upwards.
There is a stone staircase leading down here.
Unknown command.
You climb downwards.
There is a stone staircase leading up here.
Unknown command.
You see here a shield.
h - a shield Are you sure you want to abandon this character and quit the game? (Confirm with "yes".)

###### ....# #..#+## #
#.....###.. #..@.......
...###......###.
.......<....# ... #
.#.#####....##..#####.#
+..............##
#...#####........
+...'............ #####
#.# #...#####.##...#
....# #.# #...# #.# #


There were no monsters in sight!

Vanquished Creatures
  A gnoll (D:2)
  2 adders
  A dart slug (D:2)
  A leopard gecko (D:2)
  2 giant cockroaches
  A goblin (D:2)
  A hobgoblin (D:1)
  3 kobolds (D:2)
  3 quokkas
  A ball python (D:3)
  2 bats (D:2)
  2 frilled lizards (D:2)
  2 rats (D:2)
22 creatures vanquished.

Notes
Turn   | Place    | Note
-------+----------+-------------------------------------------
     0 | D:1      | tidbits the Gnoll Skald began the quest for the Orb.
     0 | D:1      | Reached XP level 1. HP: 20/20 MP: 6/6
    66 | D:2      | Reached XP level 2. HP: 26/26 MP: 4/7
    70 | D:2      | Learned a level 2 spell: Song of Slaying
    73 | D:2      | Learned a level 2 spell: Shroud of Golubria
   145 | D:3      | Reached XP level 3. HP: 23/31 MP: 3/9
   150 | D:3      | Learned a level 3 spell: Regeneration
   155 | D:3      | Learned a level 3 spell: Spectral Weapon
   159 | D:3      | Reached skill level 5 in Spellcasting
   218 | D:2      | Reached skill level 1 in Invocations
   286 | D:2      | Quit the game

Skill      XL: |  1  2  3 |
---------------+----------+-----
Spellcasting   | 5 |  5.0
Invocations    | 1 |  1.0
Fighting       | |  4.5
Short Blades   | |  0.9
Long Blades    | |  0.9
Axes           | |  4.5
Maces & Flails | |  0.9
Polearms       | |  0.9
Staves         | |  0.9
Slings         | |  0.9
Bows           | |  0.9
Crossbows      | |  0.9
Throwing       | |  0.9
Armour         | |  2.6
Dodging        | |  4.5
Stealth        | |  0.9
Shields        | |  0.9
Unarmed Combat | |  0.9
Conjurations   | |  0.6
Hexes          | |  0.6
Charms         | |  5.4
Summonings     | |  0.6
Necromancy     | |  0.6
Translocations | |  0.6
Transmutations | |  0.6
Fire Magic     | |  0.6
Ice Magic      | |  0.6
Air Magic      | |  0.6
Earth Magic    | |  0.6
Poison Magic   | |  0.6
Evocations     | |  0.9

Action                   || total
-------------------------++-------
Melee: Hand axe          ||    51
       Bite              ||     2
Throw: Javelin           ||     5
 Cast: Infusion          ||     4
       Shroud of Golubri ||     1
       Song of Slaying   ||     1
       Regeneration      ||     1
       Spectral Weapon   ||     1
Armor: Leather armour    ||     8
Dodge: Dodged            ||    38

Table legend:
 A = Turns spent in this place as a percentage of turns spent in the entire game.
 B = Non-inter-level travel turns spent in this place as a percentage of non-inter-level travel turns spent in the entire game.
 C = Inter-level travel turns spent in this place as a percentage of turns spent in this place.
 D = Turns resting spent in this place as a percentage of non-inter-level travel turns spent in this place.
 E = Turns spent auto-exploring this place as a percentage of non-inter-level travel turns spent in this place.
 F = Non-inter-level travel turns spent in this place divided by the number of levels of this place that you've seen.
                   A       B       C       D       E      F
               +-------+-------+-------+-------+-------+----------------------
         Total | 100.0 | 100.0 |   0.0 |   0.0 |   0.0 |  95.3
       Dungeon | 100.0 | 100.0 |   0.0 |   0.0 |   0.0 |  95.3
               +-------+-------+-------+-------+-------+----------------------

Table legend:
 A = Kills in this place as a percentage of kills in entire the game.
 B = Kills by you in this place as a percentage of kills by you in the entire game.
 C = Kills by friends in this place as a percentage of kills by friends in the entire game.
 D = Other kills in this place as a percentage of other kills in the entire game.
 E = Experience gained in this place as a percentage of experience gained in the entire game.
 F = Experience gained in this place divided by the number of levels of this place that you have seen.
                   A       B       C       D       E      F
               +-------+-------+-------+-------+-------+----------------------
         Total | 100.0 | 100.0 |   N/A |   N/A | 100.0 |  24.3
       Dungeon | 100.0 | 100.0 |   N/A |   N/A | 100.0 |  24.3
               +-------+-------+-------+-------+-------+----------------------

Vault maps used:
D:1:      lightli_arrival_statue_moat, st_stairs_5, minmay_misc_feat_chi,
          minmay_pentomino_v2
D:2:      minmay_wonky_spiral, uniq_terence
D:3:      nemelex_xobeh_ov_fountains_minmay, grunt_temple_overflow_open,
          first_ration
